 Dungeon Crawl Stone Soup version 0.30-a0-847-g17996783a1 (webtiles) character file.

Game seed: 4432029663211607408

0 Korbin06 the Firebug (level 1, -2/14 HPs)
             Began as a Hill Orc Fire Elementalist on Mar 3, 2023.
             Frozen to death by an endoplasm (4 damage)
             ... on level 1 of the Dungeon.
             The game lasted 00:01:13 (78 turns).

Korbin06 the Firebug (Hill Orc Fire Elementalist)     Turns: 78, Time: 00:01:14

Health: -2/14      AC:  2    Str: 10    XL:     1   Next: 10%
Magic:  3/3        EV: 12    Int: 15    God:
Gold:   0          SH:  0    Dex: 11    Spells: 2/3 levels left

rFire   . . .      SeeInvis .    (no weapon)
rCold   . . .      Faith    .    (no shield)
rNeg    . . .      Spirit   .    a - +0 robe
rPois   .          Reflect  .    (no helmet)
rElec   .          Rampage  .    (no cloak)
rCorr   .                        (no gloves)
Will    .....                    (no boots)
Stlth   ++                       (no amulet)
HPRegen 0.22/turn                (no ring)
MPRegen 0.08/turn                (no ring)

@: no status effects
A: no striking features
a: no special abilities


You were on level 1 of the Dungeon.
You visited 1 branch of the dungeon, and saw 1 of its levels.

Inventory:

Armour
 a - a +0 robe (worn)
Potions
 b - a potion of magic
 c - a potion of brilliance {unknown}


   Skills:
 + Level 1.5 Dodging
 + Level 1.5 Stealth
 + Level 1.5 Spellcasting
 + Level 1.0 Conjurations
 + Level 3.3 Fire Magic


You had 2 spell levels left.
You knew the following spells:

 Your Spells              Type           Power      Damage    Failure   Level
a - Foxfire               Conj/Fire      28%        2x1d5     10%         1

Your spell library contained the following spells:

 Spells                   Type           Power      Damage    Failure   Level
 Scorch                   Fire           22%        2d6       9%          2
 Inner Flame              Hex/Fire       6%         N/A       34%         3
 Kindle Blastsparks       Fire/Tloc/Air  8%         2d10      41%         3
 Flame Wave               Conj/Fire      7%         2d5       67%         4


Dungeon Overview and Level Annotations

Branches:
Dungeon (1/15)

Altars:

Shops:
D:1 (


Message History

Casting: Foxfire (safe; 10% risk of failure)
Confirm with . or Enter, or press ? or * to list all spells.
You conjure some foxfire!
Your foxfire dissipates!
Casting: Foxfire (safe; 10% risk of failure)
Confirm with . or Enter, or press ? or * to list all spells.
You don't know that spell.
Your foxfire dissipates!
There is a staircase leading out of the dungeon here.
An endoplasm comes into view.
Found a stone staircase leading down.
The endoplasm hits you. The endoplasm attacks as you move away!
The endoplasm barely misses you.
A kobold and a bat come into view.
The endoplasm freezes you.
You are frozen.
The endoplasm barely misses you.
The endoplasm hits you but does no damage.
The endoplasm misses you. The endoplasm hits you. The endoplasm hits you.
The kobold hits you with a +0 dagger. The endoplasm attacks as you move away!
The endoplasm barely misses you. The kobold barely misses you.
A jackal comes into view.
Found 4 stones.
The kobold hits you with a +0 dagger.
* * * LOW HITPOINT WARNING * * *
The kobold misses you. The endoplasm barely misses you.
The kobold hits you with a +0 dagger.
* * * LOW HITPOINT WARNING * * *
The endoplasm misses you. The kobold closely misses you.
The endoplasm closely misses you. The kobold hits you with a +0 dagger.
* * * LOW HITPOINT WARNING * * *
The endoplasm misses you. The kobold misses you. The endoplasm hits you.
* * * LOW HITPOINT WARNING * * *
The bat hits you but does no damage. The kobold hits you but does no damage.
The endoplasm freezes you.
You are frozen.
You die...

... ..# h ..# .. ..
... #.# ....#.. ###
(....#.### ... .
........J#### #.##...
....##b@K...##..>..#
. ####.......# #
#####....#### ..
..........######## ..
..####.#.........#...
...#.........#...
#......###..........#
..................###
#......###...##....#


You could see an endoplasm, a jackal (asleep), a bat and a kobold.

Vanquished Creatures
  A rat (D:1)
1 creature vanquished.

Vanquished Creatures (others)
  5 foxfires (D:1)
5 creatures vanquished.

Grand Total: 6 creatures vanquished

Notes
Turn   | Place    | Note
-------+----------+-------------------------------------------
     0 | D:1      | Korbin06 the Hill Orc Fire Elementalist began the quest for
                  | the Orb.
     0 | D:1      | Reached XP level 1. HP: 14/14 MP: 3/3
     8 | D:1      | Found Didedueq's Weapon Shop.
    78 | D:1      | Frozen to death by an endoplasm

Illustrated notes

Levels and vault maps discovered:
D:1:      dpeg_arrival_long_road, layout_rooms, serial_shops,
          nicolae_shop_advertising_works [nicolae_subvault_shop_adworks]

Action                     || total
---------------------------++-------
   Cast: Foxfire           ||     4
 Armour: Robe              ||     3
  Dodge: Dodged            ||    12

Table legend: (Time is in decaauts)
 A = Elapsed time spent in this place.
 B = Non-inter-level travel time spent in this place.
 C = Inter-level travel time spent in this place.
 D = Time resting spent in this place.
 E = Time spent auto-exploring this place.
 F = Levels seen in this place.
 G = Mean time per level.
                   A        B        C        D        E       F      G
               +--------+--------+--------+--------+--------+-----+--------+
         Total |     78 |     33 |     45 |      0 |      0 |   1 |   78.0 |
       Dungeon |     78 |     33 |     45 |      0 |      0 |   1 |   78.0 |
               +--------+--------+--------+--------+--------+-----+--------+

Top non-repeatable levels by time:
     D:1: 78 daAuts
